 Dungeon Crawl Stone Soup version 0.23.2-33-g5129a83184 (webtiles) character file.

Game seed: 9384049044339418497

64 funkygono the Charmwright (level 3, -2/30 HPs)
             Began as a Draconian Skald on July 20, 2019.
             Shot with a sling bullet by a goblin (7 damage)
             ... led by Robin
             ... on level 2 of the Dungeon.
             The game lasted 00:02:59 (1352 turns).

funkygono the Charmwright (Draconian Skald)         Turns: 1352, Time: 00:03:00

Health: -2/30      AC:  5    Str: 14    XL:     3   Next: 91%
Magic:  1/6        EV: 12    Int: 13    God:
Gold:   73         SH:  0    Dex: 10    Spells: 1/6 levels left

rFire    . . .     SeeInvis .   a - +0 mace
rCold    . . .     Gourm    .   (no shield)
rNeg     . . .     Faith    .   (armour unavailable)
rPois    .         Spirit   .   (helmet restricted)
rElec    .         Reflect  .   (no cloak)
rCorr    .         Harm     .   (no gloves)
MR       .....     Rnd*Tele +   (no boots)
Stlth    +.........             (no amulet)
HPRegen  0.10/turn              j - ring of teleportation (curse)
MPRegen  0.10/turn              (no ring)

@: singing (expiring)
A: unfitting armour, cold-blooded, AC +5
a: no special abilities


You were on level 2 of the Dungeon.
You were not hungry.

You visited 1 branch of the dungeon, and saw 2 of its levels.

You collected 73 gold pieces.

Inventory:

Hand Weapons
 a - a +0 mace (weapon)
Missiles
 b - 7 stones (quivered)
Jewellery
 j - a cursed ring of teleportation (left hand)
Scrolls
 d - 2 scrolls of identify
 g - a scroll of fear
Potions
 h - a potion of heal wounds
Comestibles
 c - 4 rations
 i - 4 chunks of flesh


   Skills:
 + Level 2.3 Fighting
 + Level 2.9 Maces & Flails
 + Level 2.3 Dodging
 + Level 0.2 Stealth
 + Level 2.4 Spellcasting
 + Level 3.3 Charms


You had one spell level left.
You knew the following spells:

 Your Spells              Type           Power        Failure   Level  Hunger
a - Infusion              Chrm           ##..         6%          1    #......
b - Shroud of Golubria    Chrm/Tloc      #.........   19%         2    ###....
c - Song of Slaying       Chrm           ##......     10%         2    ###....

Your spell library contained the following spells:

 Spells                   Type           Power        Failure   Level  Hunger
 Regeneration             Chrm/Necr      #.........   36%         3    ###....
 Spectral Weapon          Hex/Chrm       #.......     36%         3    ###....


Dungeon Overview and Level Annotations

Branches:
Dungeon (2/15)

Altars:


Innate Abilities, Weirdness & Mutations

Your plain brown scales are hard. (AC +5)
You cannot fit into any form of body armour.
You are cold-blooded and may be slowed by cold attacks.


Message History

Robin is severely wounded.
The goblin hits you. Robin closely misses you.
You closely miss the goblin.
Your song is almost over.
The goblin hits you but does no damage. Robin barely misses you.
The goblin hits you but does no damage.
You barely miss the goblin. You tail-slap the goblin.
You kill the goblin!
You are no longer magically infusing your attacks.
Robin barely misses you.
Unknown command.
You closely miss Robin.
Robin is severely wounded.
Robin hits you with a cursed -3 falchion.
* * * LOW HITPOINT WARNING * * *
A goblin comes into view. It is wielding a +0 club.
You hit Robin.
You kill Robin!
The goblin shoots a sling bullet.
The sling bullet hits you!
You die...

........#♣♣...♣♣#........#
###...####♣♣.♣♣##........#
##.....##...##.........#
#...#.#######.........#
###.#÷#######.........#
#..<.........##.#####
#####....######.#
.##.######.##########
.#g..@)g#.##...#...##
#..#####g#.#.(.......## #
.. #.g............# #..
###w(.(........#
#(...........#
#.#.........##
#.##.......## #.#####g####
#.# #.#


You could see a worm, a hobgoblin and 3 goblins.

Vanquished Creatures
  Robin (D:2)
  2 adders (D:2)
  13 goblins
  3 hobgoblins (D:1)
  2 ball pythons (D:1)
  4 bats (D:1)
  A frilled lizard (D:1)
  4 kobolds (D:1)
  5 rats (D:1)
35 creatures vanquished.

Notes
Turn   | Place    | Note
-------+----------+-------------------------------------------
     0 | D:1      | funkygono the Draconian Skald began the quest for the Orb.
     0 | D:1      | Reached XP level 1. HP: 17/17 MP: 3/3
   212 | D:1      | Reached XP level 2. HP: 4/24 MP: 0/5
   218 | D:1      | HP: 1/24 [kobold (2)]
   668 | D:1      | Reached skill level 3 in Charms
  1099 | D:1      | Learned a level 2 spell: Shroud of Golubria
  1102 | D:1      | Learned a level 2 spell: Song of Slaying
  1209 | D:2      | Reached XP level 3. HP: 23/29 MP: 0/6
  1325 | D:2      | Noticed Robin
  1352 | D:2      | Killed Robin
  1352 | D:2      | Shot with a sling bullet by a goblin

Skill      XL: |  1  2 |
---------------+-------+-----
Charms         | 3 |  3.3
Fighting       | |  2.3
Maces & Flails | |  2.9
Dodging        | |  2.3
Stealth        | |  0.2
Spellcasting   | |  2.4

Action                   || total
-------------------------++-------
Melee: Mace              ||    86
       Tailslap          ||     5
 Cast: Infusion          ||    19
       Song of Slaying   ||     4
  Use: Scroll            ||     4
       Potion            ||     1
  Eat: Chunk             ||     2
Armor: Skin              ||    22
Dodge: Dodged            ||    57
